 Dungeon Crawl Stone Soup version 0.24.0-29-g8ce449bc06 (webtiles) character file.

Game seed: 9978626426755050613, levelgen mode: deterministic

18937 Curus the Basher (level 12, -4/115 HPs)
             Began as a Minotaur Gladiator on Nov 15, 2019.
             Was an Elder of Makhleb.
             Killed from afar by an oklob plant (7 damage)
             ... with a splash of acid
             ... on level 1 of the Lair of Beasts.
             The game lasted 00:56:24 (12293 turns).

Curus the Basher (Minotaur Gladiator)              Turns: 12293, Time: 00:56:24

Health: -4/115     AC: -5    Str: 19    XL:     12   Next: 32%
Magic:  13/13      EV: 20    Int:  7    God:    Makhleb [****..]
Gold:   200        SH:  0    Dex: 15    Spells: 11/11 levels left

rFire    + . .     SeeInvis .   F - +5 flail (freeze)
rCold    + . .     Gourm    .   (no shield)
rNeg     . . .     Faith    .   H - +0 troll leather armour
rPois    +         Spirit   .   c - +1 hat
rElec    .         Reflect  .   K - scarf {rC+ rF+}
rCorr    +         Harm     .   (no gloves)
MR       .....                  G - +1 pair of boots
Stlth    +.........             (no amulet)
HPRegen  0.69/turn              h - ring of poison resistance
MPRegen  0.13/turn              p - ring of resist corrosion

@: corroded
A: retaliatory headbutt, horns 2
a: Minor Destruction, Lesser Servant of Makhleb, Major Destruction, Renounce
Religion


You were on level 1 of the Lair of Beasts.
You worshipped Makhleb.
Makhleb was greatly pleased with you.
You were not hungry.

You visited 3 branches of the dungeon, and saw 13 of its levels.

You collected 708 gold pieces.
You spent 508 gold pieces at shops.

Inventory:

Hand Weapons
 a - a +0 flail
 u - a +4 flail of venom
 x - a +0 dire flail
 F - a +5 flail of freezing (weapon)
 I - a +0 morningstar
Missiles
 d - 6 throwing nets (quivered)
Armour
 b - a +0 leather armour
 c - a +1 hat (worn)
 j - a +1 pair of boots
 l - a +1 cloak of invisibility
 G - a +1 pair of boots (worn)
 H - a +0 troll leather armour (worn)
 K - a scarf of resistance (worn)
Jewellery
 h - a ring of poison resistance (left hand)
 p - a ring of resist corrosion (right hand)
 w - an uncursed ring of stealth
 D - a cursed amulet of inaccuracy
Wands
 m - a wand of iceblast (23)
 n - a wand of flame (33)
 o - a wand of paralysis (25)
 v - a wand of random effects (79)
 A - a wand of polymorph (8)
 E - a wand of disintegration (6)
Scrolls
 i - 6 scrolls of remove curse
 k - 12 scrolls of identify
 r - 6 scrolls of teleportation
 s - 3 scrolls of magic mapping
 y - 3 scrolls of fear
 C - 5 scrolls of blinking
 J - a scroll of enchant armour
Potions
 e - a potion of haste
 g - 9 potions of curing
 q - 2 potions of cancellation
 t - 2 potions of resistance
 z - 2 potions of brilliance
 B - 2 potions of heal wounds
Comestibles
 f - 22 rations


   Skills:
 - Level 13.2 Fighting
 - Level 14.0 Maces & Flails
 - Level 2.0 Throwing
 - Level 12.4 Dodging
 + Level 3.6 Invocations
 + Level 3.3 Evocations


You had 11 spell levels left.
You didn't know any spells.
Your spell library contained the following spells:

 Spells                   Type           Power        Failure   Level  Hunger
 Summon Small Mammal      Summ           #...         50%         1    ##.....
 Call Imp                 Summ           #.......     63%         2    ###....
 Call Canine Familiar     Summ           #.......     86%         3    ####...
 Summon Guardian Golem    Hex/Summ       #.......     86%         3    ####...
 Summon Ice Beast         Ice/Summ       #.......     99%         4    #####..
 Summon Lightning Spire   Summ/Air       #.......     99%         4    #####..
 Malign Gateway           Summ/Tloc      #.........   100%        7    #######
 Monstrous Menagerie      Summ           #.........   100%        7    #######
 Summon Greater Demon     Summ           #.........   100%        7    #######
 Summon Horrible Things   Summ           #.........   100%        8    #######


Dungeon Overview and Level Annotations

Branches:
Dungeon (11/15)            Temple (1/1) D:7            Lair (1/6) D:11
    Orc (0/2) D:10

Altars:
Dithmenos
Gozag
Makhleb
Nemelex Xobeh
Okawaru
Sif Muna
Uskayaw
Vehumet
Wu Jian
Yredelemnul
Zin
The Shining One
Beogh
Jiyva

Shops:
D:4 }   D:6 }(?   D:8 =

Annotations:
Lair:1 exclusion: 3 oklob plants


Innate Abilities, Weirdness & Mutations

You reflexively headbutt those who attack you in melee.
You have a pair of horns on your head.


Message History

You resist.
* * * LOW HITPOINT WARNING * * *
The oklob plant spits acid at you. The splash of acid hits you. You resist.
* * * LOW HITPOINT WARNING * * *
The acid corrodes you!
You are splashed with acid.
You resist.
* * * LOW HITPOINT WARNING * * *
The oklob plant spits acid at you. The splash of acid hits you. You resist.
* * * LOW HITPOINT WARNING * * *
You are splashed with acid!
You resist.
* * * LOW HITPOINT WARNING * * *
The oklob plant spits acid at you. The splash of acid hits you. You resist.
* * * LOW HITPOINT WARNING * * *
You are splashed with acid!
You resist.
* * * LOW HITPOINT WARNING * * *
The oklob plant spits acid at you. The splash of acid hits you! You resist.
You die...

#...##..##......##
#...#........#..#
....#........#..#
....#........#..#
....#...........#
.............#..#
................#
.............#.#######
................@...P#
##.............P:..P.#
....#..........P$.?..#
..#............P}($..#
..#.P.#.##+##..P$(P$.#
..#............#######
..+..............#
........P...P#..##
#.#.....#.....#.#


You could see 3 oklob plants.

Vanquished Creatures
  Josephine (D:10)
  Fannar (D:10)
  A hydra (Lair:1)
  Harold (D:8)
  Erica (D:9)
  The ghost of Curus the Spear-Bearer, a novice MiFi of Lugonu (Lair:1)
  A two-headed ogre (D:8)
  Nergalle (D:11)
  The ghost of Tensor the Covered, a novice HuFi of Yredelemnul (D:8)
  Pikel (D:8)
  An oklob plant (Lair:1)
  Joseph (D:10)
  A black mamba (Lair:1)
  2 trolls
  5 hippogriffs
  A slime creature (D:8)
  Sigmund (D:5)
  5 wraiths
  A vampire (D:11)
  2 wyverns
  4 hogs (D:7)
  6 yaks (D:10)
  A human (D:7)
  A steam dragon (D:10)
  A hungry ghost (D:8)
  Edmund (D:6)
  2 water moccasins (Lair:1)
  A porcupine (Lair:1)
  4 slaves (D:8)
  12 orc warriors
  An ice beast (D:6)
  4 sky beasts
  2 eyes of draining
  6 wolves (Lair:1)
  3 centaurs
  4 ogres
  2 crocodiles (Lair:1)
  2 big kobolds
  A gnoll sergeant (D:8)
  5 bullfrogs
  3 scorpions (D:5)
  6 killer bees
  4 wights (D:10)
  2 howler monkeys
  6 crimson imps
  2 bullfrog zombies
  2 centaur zombies
  8 hounds
  A bullfrog skeleton (D:10)
  13 orc priests
  7 jellies
  11 orc wizards
  Crazy Yiuf (D:2)
  2 iguanas
  8 worker ants
  A hound zombie (D:7)
  2 worker ant zombies
  15 gnolls
  14 adders
  2 oozes (D:1)
  3 adder skeletons
  3 worms
  4 leopard geckos
  55 orcs
  6 bats
  5 giant cockroaches
  3 goblins
  6 hobgoblins
  2 jackals (D:3)
  3 quokkas
  4 ball pythons
  4 frilled lizards
  A jackal skeleton (D:9)
  18 kobolds
  A leopard gecko zombie (D:6)
  A quokka zombie (D:5)
  4 rats
  A plant (Lair:1)
327 creatures vanquished.

Notes
Turn   | Place    | Note
-------+----------+-------------------------------------------
     0 | D:1      | Curus the Minotaur Gladiator began the quest for the Orb.
     0 | D:1      | Reached XP level 1. HP: 18/18 MP: 0/0
   135 | D:1      | Reached skill level 4 in Maces & Flails
   234 | D:1      | Reached XP level 2. HP: 25/25 MP: 1/1
   592 | D:1      | Reached skill level 5 in Maces & Flails
   636 | D:1      | Reached XP level 3. HP: 28/30 MP: 2/2
  1161 | D:2      | Found a runed translucent door.
  1162 | D:2      | Noticed Crazy Yiuf
  1167 | D:2      | Killed Crazy Yiuf
  1167 | D:2      | Reached skill level 6 in Maces & Flails
  1167 | D:2      | Reached XP level 4. HP: 32/37 MP: 3/3
  1532 | D:3      | Reached skill level 7 in Maces & Flails
  1532 | D:3      | Reached XP level 5. HP: 3/42 MP: 4/4
  2363 | D:4      | Found Muliny's Gadget Emporium.
  2460 | D:4      | Noticed an ogre
  2464 | D:4      | Killed an ogre
  2464 | D:4      | Reached skill level 8 in Maces & Flails
  2464 | D:4      | Reached XP level 6. HP: 50/50 MP: 5/5
  2651 | D:4      | HP: 1/50 [gnoll/+0 spear (5)]
  2653 | D:4      | Reached skill level 9 in Maces & Flails
  3203 | D:5      | Entered Level 5 of the Dungeon
  3223 | D:4      | HP: 1/50 [orc priest/divine providence (10)]
  3630 | D:5      | Noticed a sky beast
  3641 | D:5      | Killed a sky beast
  3641 | D:5      | Reached XP level 7. HP: 38/56 MP: 6/6
  3719 | D:5      | Reached skill level 10 in Maces & Flails
  4111 | D:5      | Noticed Sigmund
  4132 | D:5      | Killed Sigmund
  4132 | D:5      | Reached skill level 11 in Maces & Flails
  4464 | D:5      | Reached XP level 8. HP: 57/62 MP: 7/7
  4624 | D:5      | Reached skill level 12 in Maces & Flails
  4923 | D:6      | Found Jumoezed's Gadget Emporium.
  5009 | D:6      | Reached skill level 13 in Maces & Flails
  5047 | D:6      | Noticed Edmund
  5060 | D:6      | Killed Edmund
  5378 | D:6      | Found Yvasuss's Weapon Boutique.
  5439 | D:6      | Reached XP level 9. HP: 50/68 MP: 8/8
  5451 | D:6      | Found Bupt's Magic Scroll Boutique.
  5479 | D:6      | Bought a scroll of teleportation for 45 gold pieces
  5479 | D:6      | Bought a scroll of fear for 52 gold pieces
  5479 | D:6      | Bought a scroll of enchant armour for 112 gold pieces
  5479 | D:6      | Bought a scroll of teleportation for 45 gold pieces
  5572 | D:6      | Reached skill level 14 in Maces & Flails
  5721 | D:6      | Found a shimmering blue altar of Sif Muna.
  5810 | D:6      | Found a shadowy altar of Dithmenos.
  6073 | D:7      | Found a staircase to the Ecumenical Temple.
  6088 | Temple   | Entered the Ecumenical Temple
  6095 | Temple   | Became a worshipper of Makhleb the Destroyer
  6452 | D:7      | Found a radiant altar of Vehumet.
  6454 | D:7      | Found a shimmering blue altar of Sif Muna.
  6527 | D:7      | Found a sparkling altar of Nemelex Xobeh.
  6551 | D:7      | Reached skill level 5 in Dodging
  6671 | D:7      | Reached skill level 5 in Fighting
  6974 | D:7      | Found an opulent altar of Gozag.
  6974 | D:7      | Found a hide-covered altar of Uskayaw.
  6977 | D:7      | Found an iron altar of Okawaru.
  6985 | D:7      | Found a glowing golden altar of the Shining One.
  7164 | D:8      | Noticed Pikel
  7197 | D:8      | Killed Pikel
  7197 | D:8      | Reached XP level 10. HP: 74/86 MP: 9/9
  7221 | D:8      | Reached * piety under Makhleb
  7370 | D:8      | Found a runed translucent gate.
  7373 | D:8      | Noticed a two-headed ogre
  7380 | D:8      | Killed a two-headed ogre
  7749 | D:8      | Found a runed translucent gate.
  7749 | D:8      | Found a runed translucent gate.
  7750 | D:8      | Noticed Tensor's ghost (novice HuFi)
  7752 | D:8      | Found a viscous altar of Jiyva.
  7766 | D:8      | Found Jyrhygef's Jewellery Boutique.
  7786 | D:8      | Bought a cursed amulet of inaccuracy for 30 gold pieces
  7815 | D:8      | Noticed Harold
  7827 | D:8      | Killed Harold
  8354 | D:9      | Reached skill level 10 in Fighting
  8355 | D:9      | Reached ** piety under Makhleb
  8601 | D:9      | Noticed Erica
  8632 | D:9      | Killed Erica
  8920 | D:10     | Entered Level 10 of the Dungeon
  8987 | D:10     | Reached skill level 10 in Dodging
  8987 | D:10     | Reached XP level 11. HP: 74/101 MP: 10/10
  9352 | D:10     | Found a roughly hewn altar of Beogh.
  9352 | D:10     | Found a staircase to the Orcish Mines.
  9380 | D:10     | Reached *** piety under Makhleb
  9558 | D:10     | Noticed Joseph
  9579 | D:10     | Killed Joseph
  9994 | D:10     | Noticed Josephine
  9995 | D:10     | Noticed Fannar
 10006 | D:10     | Killed Josephine
 10030 | D:10     | Killed Fannar
 10375 | D:6      | Bought a scroll of enchant weapon for 112 gold pieces
 10375 | D:6      | Bought a scroll of enchant armour for 112 gold pieces
 10529 | D:8      | Killed Tensor's ghost
 11183 | D:11     | Noticed a fire dragon
 11245 | D:11     | Reached **** piety under Makhleb
 11319 | D:11     | Noticed Nergalle
 11335 | D:11     | Killed Nergalle
 11335 | D:11     | Reached XP level 12. HP: 115/115 MP: 11/11
 11400 | D:11     | Found a staircase to the Lair.
 11413 | Lair:1   | Entered Level 1 of the Lair of Beasts
 11491 | Lair:1   | Reached skill level 1 in Invocations
 11491 | Lair:1   | Reached skill level 1 in Evocations
 11580 | Lair:1   | Noticed Curus's ghost (novice MiFi)
 11586 | Lair:1   | Found a transporter.
 11616 | Lair:1   | Noticed a six-headed hydra
 11623 | Lair:1   | Killed a six-headed hydra
 11771 | Lair:1   | Found a transporter.
 12082 | Lair:1   | Killed Curus's ghost
 12292 | Lair:1   | HP: 2/115 [acid (7)]
 12293 | Lair:1   | Killed from afar by an oklob plant

Levels and vault maps discovered:
D:1:      ebering_trefoil_3fold, layout_basic
D:2:      layout_rooms, uniq_crazy_yiuf_cottage
D:3:      layout_basic, grunt_decor_clamped, minmay_hedge_maze, minmay_unequal
D:4:      layout_basic, serial_shops, kennysheep_mini_moat, first_ration,
          minmay_distorted
D:5:      layout_basic, uniq_sigmund
D:6:      kennysheep_orc_sif_temple, layout_rooms,
          lemuel_coloured_pillars_altar, serial_shops, nicolae_shop_crystal,
          nicolae_shop_stone, nicolae_shop_temple_entry_statues_fountains,
          minmay_misc_feat_plants, kennysheep_decorative_pillar, uniq_edmund
D:7:      layout_basic, grunt_temple_overflow_open,
          minmay_temple_entry_large_hall, grunt_livestock, nemelex_altar_shiori
D:8:      layout_basic, gammafunk_ghost_ooze, serial_shops, shop_coins,
          uniq_pikel, uniq_harold
D:9:      layout_grid_maze, uniq_erica
D:10:     layout_grid_maze, david_orc_5, st_stairs_4,
          small_chamber_with_monster, uniq_joseph, uniq_fannar, uniq_josephine
D:11:     layout_basic, minmay_lair_entry_lava, st_stairs_13, uniq_grum,
          uniq_nergalle
Temple:   eino_wide_crystal_templ
Lair:1:   layout_chaotic_city, gammafunk_ghost_arena, minmay_lair_oklob_chamber,
          grunt_megastairs_4

Skill      XL: |  1  2  3  4  5  6  7  8  9 10 11 12 |
---------------+-------------------------------------+-----
Maces & Flails | 4 5 6 7 8 9 11 13 14 | 14.0
Fighting       | 7 10 13 | 13.2
Dodging        | 7 10 12 | 12.4
Invocations    | 3 |  3.6
Evocations     | 3 |  3.3
Throwing       | |  2.0

Action                   |  1- 3 |  4- 6 |  7- 9 | 10-12 || total
-------------------------+-------+-------+-------+-------++-------
Melee: Flail             |    55 |   129 |   281 |   510 ||   975
       Headbutt          |    10 |    16 |    48 |   102 ||   176
Evoke: Wand              |       |     1 |     1 |     2 ||     4
  Use: Potion            |     7 |     4 |     2 |     2 ||    15
       Scroll            |     1 |     5 |     5 |     5 ||    16
 Stab: Sleeping          |       |       |     1 |       ||     1
  Eat: Chunk             |       |     7 |     9 |     9 ||    25
       Ration            |       |       |     1 |     3 ||     4
Armor: Leather armour    |    16 |    40 |    47 |    55 ||   158
       Troll leather arm |       |       |       |    10 ||    10
Dodge: Dodged            |    41 |    88 |   156 |   318 ||   603
